[Event "ICC Open 2015"]
[Site "Internet Chess Club"]
[Date "2015.05.30"]
[Round "1"]
[White "ElMarginal"]
[Black "Tyrel"]
[Result "0-1"]
[ICCResult "White resigns"]
[WhiteElo "1432"]
[BlackElo "2122"]
[Opening "Van't Kruijs opening"]
[ECO "A00"]
[Time "19:03:18"]
[TimeControl "180+0"]

1. e3 d6 2. Nf3 Nf6 3. d4 Nbd7 4. c4 e5 5. Be2 Be7 6. d5 O-O 7. Nc3 Re8 8.
e4 Nf8 9. O-O Ng6 10. h3 h6 11. Be3 Nh7 12. Qb3 Bg5 13. Bxg5 hxg5 14. g4 Nf4
15. Kh2 Qf6 16. Kg3 Nf8 17. Qc2 N8g6 18. Nh2 Nh4 19. Qd2 Qh6 20. Rh1 Nxh3
21. Nf3 Nf4 22. Nxh4 gxh4+ 23. Rxh4 Qg5 24. Qe3 Qxh4+ 25. Kxh4 Ng2+ 26. Kg3
Nxe3 27. fxe3 a6 28. Rh1 g6 29. Nd1 Kg7 30. Nf2 Rh8 31. Rxh8 Kxh8 32. Nh3
Kg7 33. Ng5 Bd7 34. b3 b5 35. Kf2 bxc4 36. bxc4 Rb8 37. a4 Rb2 38. Kf3 Bxg4+
{White resigns}
0-1

[Event "ICC Open 2015"]
[Site "Internet Chess Club"]
[Date "2015.05.30"]
[Round "1"]
[White "arv"]
[Black "JustKid"]
[Result "0-1"]
[ICCResult "White checkmated"]
[WhiteElo "1399"]
[BlackElo "2082"]
[Opening "English opening: Agincourt variation"]
[ECO "A13"]
[NIC "QP.09"]
[Time "19:02:50"]
[TimeControl "180+0"]

1. Nf3 d5 2. c4 e6 3. d4 c6 4. c5 f5 5. Ne5 Nf6 6. Bg5 Be7 7. e3 O-O 8. Bd3
Nbd7 9. Nf3 Ne4 10. Bxe7 Qxe7 11. O-O g5 12. Nc3 g4 13. Nd2 Ndf6 14. Be2 h5
15. Ndxe4 Nxe4 16. Nxe4 fxe4 17. g3 e5 18. Kh1 Be6 19. b4 Rf5 20. a4 Raf8
21. Qe1 Qf6 22. b5 Rxf2 23. Rxf2 Qxf2 24. Qxf2 Rxf2 25. bxc6 bxc6 26. Ba6
exd4 27. exd4 Rd2 28. Rb1 Rxd4 29. Rb8+ Kf7 30. Rb7+ Kf6 31. Rxa7 Rxa4 32.
Kg2 Ke5 33. Kf2 Ra2+ 34. Ke3 d4# {White checkmated} 0-1

[Event "ICC Open 2015"]
[Site "Internet Chess Club"]
[Date "2015.05.30"]
[Round "1"]
[White "isodung"]
[Black "JArookie"]
[Result "1-0"]
[ICCResult "Black forfeits on time"]
[WhiteElo "2799"]
[BlackElo "1933"]
[Opening "Ruy Lopez: Schliemann defense, Berger variation"]
[ECO "C63"]
[NIC "RL.06"]
[Time "19:03:14"]
[TimeControl "180+0"]

1. e4 e5 2. Nf3 Nc6 3. Bb5 f5 4. Nc3 fxe4 5. Nxe4 Nf6 6. d3 d5 7. Nxf6+ gxf6
8. h3 Bd6 9. Qe2 O-O 10. Bd2 a6 11. Ba4 f5 12. Bb3 Bc5 13. O-O-O Qd6 14.
Rhe1 Bd4 15. Nxd4 exd4 16. Qf3 Rd8 17. Bg5 Be6 18. Bxd8 Rxd8 19. Qg3+ Qxg3
20. fxg3 Kf7 21. Rf1 Kg6 22. Rde1 Rd6 23. a3 Na5 24. Ba2 c5 25. Re5 Kf6 26.
Rfe1 Nc6 27. R5e2 b5 28. Kd2 c4 29. dxc4 dxc4 30. Bb1 c3+ 31. bxc3 dxc3+ 32.
Kxc3 Nd4 33. Rd2 b4+ 34. Kxb4 {Black forfeits on time} 1-0

[Event "ICC Open 2015"]
[Site "Internet Chess Club"]
[Date "2015.05.30"]
[Round "1"]
[White "SJW"]
[Black "postmortem"]
[Result "1-0"]
[ICCResult "Black checkmated"]
[WhiteElo "1439"]
[BlackElo "2059"]
[Opening "Grünfeld: modern exchange variation"]
[ECO "D85"]
[NIC "GI.04"]
[Time "19:02:43"]
[TimeControl "180+0"]

1. d4 Nf6 2. c4 g6 3. Nc3 d5 4. cxd5 Nxd5 5. e4 Nxc3 6. bxc3 Bg7 7. Nf3 c5
8. Be3 Qa5 9. Qb3 cxd4 10. Bxd4 Bxd4 11. Nxd4 O-O 12. Bc4 Nc6 13. Nxc6 bxc6
14. O-O Bg4 15. f3 Qc5+ 16. Kh1 Rab8 17. Qa4 Bd7 18. Rfd1 Rfd8 19. Rd4 e5
20. Rd2 Be8 21. Rxd8 Rxd8 22. Bb3 Rd2 23. Qc4 Qf2 24. Rg1 h5 25. Qf1 Qc5 26.
Qc4 Qf2 27. h3 h4 28. Qb4 Qb6 29. Qe7 Qd8 30. Qxe5 a5 31. Qf4 Kg7 32. Qe3
Rd3 33. Qc5 Rd2 34. Qe5+ f6 35. Qe6 Qd7 36. Qg8+ Kh6 37. Qh8+ Kg5 38. f4+
Kxf4 39. Qxf6+ Ke3 40. Re1+ Kd3 41. Qf3# {Black checkmated} 1-0

[Event "ICC Open 2015"]
[Site "Internet Chess Club"]
[Date "2015.05.30"]
[Round "1"]
[White "PedroRomero2"]
[Black "Chaos23"]
[Result "1-0"]
[ICCResult "Black checkmated"]
[WhiteElo "1931"]
[BlackElo "2057"]
[Opening "English opening"]
[ECO "A20"]
[NIC "EO.24"]
[Time "19:02:57"]
[TimeControl "180+0"]

1. c4 e5 2. g3 Nf6 3. Bg2 Bc5 4. Nc3 O-O 5. e3 d6 6. Nge2 Nc6 7. O-O a5 8.
b3 Bg4 9. h3 Bh5 10. d3 Re8 11. g4 Bg6 12. Kh2 e4 13. d4 Bb6 14. Ng3 Qd7 15.
f4 exf3 16. Qxf3 h6 17. Bd2 Nh7 18. h4 Nf6 19. Bh3 Qe7 20. Rae1 a4 21. Nxa4
Ba5 22. Bxa5 Rxa5 23. Nc3 Bd3 24. Rf2 Nb4 25. e4 Nc6 26. Qxd3 h5 27. gxh5
Nxh5 28. Nxh5 Rxh5 29. Nd5 Qxh4 30. Qg3 Rxe4 31. Rxe4 Qxe4 32. Nf6+ Kf8 33.
Nxe4 Nxd4 34. Qg4 Re5 35. Qc8+ Re8 36. Qxc7 Rxe4 37. Qxf7# {Black
checkmated} 1-0

[Event "ICC Open 2015"]
[Site "Internet Chess Club"]
[Date "2015.05.30"]
[Round "1"]
[White "RafaNadal"]
[Black "haimw"]
[Result "1-0"]
[ICCResult "Black forfeits on time"]
[WhiteElo "2825"]
[BlackElo "1907"]
[Opening "Robatsch (modern) defense"]
[ECO "B07"]
[NIC "VO.17"]
[Time "19:02:42"]
[TimeControl "180+0"]

1. e4 d6 2. d4 g6 3. Nc3 Bg7 4. Be3 Nf6 5. Qd2 O-O 6. f3 c6 7. O-O-O b5 8.
g4 b4 9. Kb1 bxc3 10. Qxc3 Nfd7 11. Qd2 c5 12. dxc5 dxc5 13. Bxc5 Na6 14.
Ba3 Qc7 15. Nh3 Ndc5 16. Bxa6 Bxa6 17. Nf4 Bh6 18. Nd5 Bxd2 19. Nxc7 Bf4 20.
Nxa8 Ne6 21. Bxe7 Rxa8 22. Rhe1 Bxh2 23. Bd6 Bxd6 24. Rxd6 Bb7 25. c4 Rc8
26. Rc1 Kf8 27. b4 Ke7 28. c5 Bc6 29. Kb2 a5 30. a3 axb4 31. axb4 Nf4 32.
Ra1 Be8 33. Ra7+ Kf8 34. Rda6 Rb8 35. Kc3 h5 36. gxh5 gxh5 37. Ra8 Rb7 38.
Rh6 Kg7 39. Rb6 Re7 40. c6 Ne6 41. Rb7 Nc7 42. Rc8 Bxc6 43. Rbxc7 Rxc7 44.
Rxc7 Be8 45. Rc5 h4 46. Rh5 f5 47. Rxh4 fxe4 48. Rxe4 Kf6 49. Rf4+ Ke7 50.
Re4+ Kd7 51. Rd4+ Kc7 52. f4 Bd7 53. f5 {Black forfeits on time} 1-0

[Event "ICC Open 2015"]
[Site "Internet Chess Club"]
[Date "2015.05.30"]
[Round "1"]
[White "fito"]
[Black "Qualm"]
[Result "1-0"]
[ICCResult "Black resigns"]
[WhiteElo "2379"]
[BlackElo "1680"]
[Opening "Petrov: classical attack, Marshall variation"]
[ECO "C42"]
[NIC "RG.04"]
[Time "19:03:11"]
[TimeControl "180+0"]

1. e4 e5 2. Nf3 Nf6 3. Nxe5 d6 4. Nf3 Nxe4 5. d4 d5 6. Bd3 Bd6 7. O-O O-O 8.
Nbd2 Nf6 9. c4 c6 10. Re1 Bg4 11. Qc2 Na6 12. Ne5 Nb4 13. Qb1 Nxd3 14. Qxd3
Bh5 15. Ndf3 Qa5 16. Bg5 Ne4 17. Be3 Bb4 18. Rec1 f6 19. Nd7 Rfd8 20. cxd5
cxd5 21. Nc5 Bg6 22. Nxb7 Nc5 23. Qxg6 hxg6 24. Nxa5 Bxa5 25. Rxc5 Bb6 26.
Rc6 g5 27. Rac1 Kf7 28. h3 Ke7 29. a3 Kd7 30. b4 Re8 31. Ne1 Re6 32. Rxe6
Kxe6 33. Nd3 Kd7 34. Kf1 Rc8 35. Rxc8 Kxc8 36. Ke2 {Black resigns} 1-0

[Event "ICC Open 2015"]
[Site "Internet Chess Club"]
[Date "2015.05.30"]
[Round "1"]
[White "akibael"]
[Black "Theorist"]
[Result "1-0"]
[ICCResult "Black resigns"]
[WhiteElo "2365"]
[BlackElo "1674"]
[Opening "Pirc: classical (two knights) system"]
[ECO "B08"]
[NIC "PU.10"]
[Time "19:02:59"]
[TimeControl "180+0"]

1. Nf3 Nf6 2. d4 d6 3. Nc3 g6 4. e4 Bg7 5. Bg5 Nbd7 6. Qd2 h6 7. Bh4 g5 8.
Bg3 O-O 9. O-O-O e6 10. h4 g4 11. Nh2 h5 12. f3 e5 13. dxe5 dxe5 14. fxg4
Nxg4 15. Nxg4 hxg4 16. Be2 Qe7 17. Bxg4 Nb6 18. Bxc8 Raxc8 19. h5 Nc4 20.
Qe2 Bh6+ 21. Kb1 Qb4 22. b3 Qxc3 23. Qxc4 Qxg3 24. Rh3 Qf4 25. Rf1 Qd2 26.
Rg3+ Kh8 27. Rgf3 Qd7 28. Rf6 Bg7 29. Rxf7 Rxf7 30. Rxf7 Qd1+ 31. Kb2 Qd4+
32. Qxd4 exd4 33. Kc1 Kg8 34. Re7 Bh6+ 35. Kd1 Be3 36. Ke2 Rf8 37. g4 Rf2+
38. Kd3 Rf7 39. Re6 b6 40. e5 c5 41. g5 Kg7 42. h6+ Kh7 43. g6+ Kxh6 44.
gxf7+ Kg7 45. Rf6 Bg5 46. f8=Q+ {Black resigns} 1-0

[Event "ICC Open 2015"]
[Site "Internet Chess Club"]
[Date "2015.05.30"]
[Round "1"]
[White "paulleon"]
[Black "josper05"]
[Result "1-0"]
[ICCResult "Black forfeits on time"]
[WhiteElo "2034"]
[BlackElo "1423"]
[Opening "QGD: Chigorin defense"]
[ECO "D07"]
[NIC "QP.08"]
[Time "19:03:41"]
[TimeControl "180+0"]

1. d4 d5 2. c4 Nc6 3. Nf3 Bg4 4. e3 e5 5. Be2 exd4 6. Nxd4 Bxe2 7. Qxe2 Nxd4
8. exd4+ Qe7 9. cxd5 Qxe2+ 10. Kxe2 Nf6 11. Nc3 Bb4 12. Kd3 Bxc3 13. bxc3
Nxd5 14. Re1+ Kd7 15. Re5 c6 16. Bd2 Rhe8 17. Rae1 Rxe5 18. Rxe5 Re8 19.
Rxe8 Kxe8 20. Ke4 Kd7 21. c4 Nf6+ 22. Kd3 Ke6 23. f3 Nd7 24. Bf4 f5 25. Bc7
g5 26. g4 f4 27. Bd8 Nf6 28. Bxf6 Kxf6 29. Ke4 Ke6 30. d5+ cxd5+ 31. cxd5+
Kd6 32. Kf5 Kxd5 33. Kxg5 Kd4 34. Kh6 Ke3 35. Kxh7 Kxf3 36. g5 Kg4 37. g6 f3
38. g7 {Black forfeits on time} 1-0

[Event "ICC Open 2015"]
[Site "Internet Chess Club"]
[Date "2015.05.30"]
[Round "1"]
[White "Psycho-Cowboy"]
[Black "ALexiz"]
[Result "1-0"]
[ICCResult "Black resigns"]
[WhiteElo "2536"]
[BlackElo "1810"]
[Opening "Nimzovich-Larsen attack: modern variation"]
[ECO "A01"]
[NIC "VO.08"]
[Time "19:03:17"]
[TimeControl "180+0"]

1. b3 e5 2. Bb2 Nc6 3. e3 Nf6 4. Bb5 d6 5. Ne2 Bd7 6. O-O Be7 7. f4 exf4 8.
Nxf4 O-O 9. Nc3 a6 10. Be2 Ne5 11. Ncd5 Nxd5 12. Nxd5 Ng6 13. Bd3 Bc6 14.
Nxe7+ Qxe7 15. Qg4 Bd7 16. Qh5 Bc6 17. Qg4 Bd7 18. Bf5 Bxf5 19. Rxf5 Qe6 20.
Raf1 Rae8 21. h4 h6 22. h5 Ne5 23. Qg3 f6 24. e4 Kh8 25. d3 c5 26. Bxe5 dxe5
27. Qg6 Qd6 28. Kh1 b5 29. R5f3 Re7 30. Rg3 Qd7 31. Qf5 Qxf5 32. Rxf5 Rc7
33. c4 bxc4 34. dxc4 Rd8 35. Rf2 Rcd7 36. Re3 Rd2 37. Ree2 Rxe2 38. Rxe2 Rd3
39. Kh2 Kg8 40. Kg1 Kf7 41. Kf2 Ke6 42. g4 a5 43. Re3 Rxe3 44. Kxe3 Kd6 45.
Kd3 Kc6 46. Kc3 Kb6 47. Kb2 Ka6 48. Ka3 Kb6 49. Ka4 Ka6 50. a3 Kb6 51. b4
axb4 52. axb4 cxb4 53. Kxb4 Kc6 54. c5 Kd7 55. Kb5 Kc7 56. c6 Kc8 57. Kc5
Kc7 58. Kd5 Kd8 59. Kd6 Kc8 60. c7 Kb7 61. Kd7 {Black resigns} 1-0

[Event "ICC Open 2015"]
[Site "Internet Chess Club"]
[Date "2015.05.30"]
[Round "1"]
[White "EddieBarber"]
[Black "AntiKiller"]
[Result "0-1"]
[ICCResult "White forfeits on time"]
[WhiteElo "1893"]
[BlackElo "2822"]
[Opening "Alekhine's defense: modern, Flohr variation"]
[ECO "B05"]
[NIC "AL.03"]
[Time "19:03:04"]
[TimeControl "180+0"]

1. e4 Nf6 2. e5 Nd5 3. d4 d6 4. Nf3 Bg4 5. Be2 c6 6. O-O Bxf3 7. Bxf3 dxe5
8. dxe5 e6 9. c4 Ne7 10. Qxd8+ Kxd8 11. Rd1+ Kc7 12. Bf4 Ng6 13. Bg3 Nd7 14.
h4 Bc5 15. h5 Ne7 16. a3 a5 17. Nc3 Nf5 18. Ne4 Nxg3 19. Rxd7+ Kxd7 20.
Nxc5+ Ke7 21. fxg3 b6 22. Nb7 Rac8 23. c5 Rc7 24. Nd6 bxc5 25. Rc1 f6 26.
Nc4 a4 27. Rd1 Rd8 28. Rxd8 Kxd8 29. h6 fxe5 30. Nxe5 gxh6 31. Bxc6 Rg7 32.
Kf2 Rg5 33. Nf7+ Kc7 34. Nxg5 hxg5 35. Be4 h6 36. Kf3 Kd6 37. Kg4 Ke5 38.
Bf3 Kf6 39. Kh5 Kg7 40. g4 c4 41. Be4 Kf6 42. Kxh6 Ke5 43. Kxg5 c3
{White forfeits on time}
0-1

[Event "ICC Open 2015"]
[Site "Internet Chess Club"]
[Date "2015.05.30"]
[Round "1"]
[White "nadalthegreat"]
[Black "Ernani"]
[Result "0-1"]
[ICCResult "White resigns"]
[WhiteElo "1838"]
[BlackElo "2626"]
[Opening "Sicilian: Pelikan, Chelyabinsk variation"]
[ECO "B33"]
[NIC "SI.37"]
[Time "19:03:30"]
[TimeControl "180+0"]

1. e4 c5 2. Nf3 Nc6 3. d4 cxd4 4. Nxd4 Nf6 5. Nc3 e5 6. Ndb5 d6 7. Bg5 a6 8.
Na3 b5 9. Nd5 Be7 10. Be3 Rb8 11. Bd3 O-O 12. O-O Nxd5 13. exd5 Nb4 14. Qf3
f5 15. Be2 e4 16. Qg3 Nxd5 17. Bd4 Bf6 18. Bxf6 Qxf6 19. Rad1 Bb7 20. c4
Qxb2 21. cxd5 Qxe2 22. Qxd6 Qxa2 23. Ra1 Qxd5 24. Qg3 f4 25. Qg4 Qf5 26. Qh4
Qf6 27. Qg4 h6 28. Rad1 Rbd8 29. Rc1 Qf5 30. Qe2 Rf7 31. Qb2 f3 32. gxf3
exf3 33. Kh1 Rfd7 34. Rg1 Qh3 35. Qb3+ Kh8 {White resigns} 0-1

[Event "ICC Open 2015"]
[Site "Internet Chess Club"]
[Date "2015.05.30"]
[Round "1"]
[White "NAS"]
[Black "playwaycool"]
[Result "0-1"]
[ICCResult "White forfeits on time"]
[WhiteElo "1668"]
[BlackElo "2357"]
[Opening "Ruy Lopez: exchange, Romanovsky variation"]
[ECO "C68"]
[NIC "RL.08"]
[Time "19:03:08"]
[TimeControl "180+0"]

1. e4 e5 2. Nf3 Nc6 3. Bb5 a6 4. Bxc6 dxc6 5. d3 f6 6. Nc3 Be6 7. Bd2 Qd7 8.
Qe2 O-O-O 9. O-O-O c5 10. Kb1 Ne7 11. h3 Nc6 12. g4 Nd4 13. Qe3 c4 14. dxc4
Bxc4 15. Bc1 Bc5 16. Nd5 Bxd5 17. exd5 Qxd5 18. Nxd4 Bxd4 19. Qg3 Qc6 20. c3
Bb6 21. Be3 Qe4+ 22. Ka1 Qc2 23. Qf3 Qg6 24. Bxb6 cxb6 25. Qe3 Kc7 26. Qe2
Qf7 27. Qe4 g6 28. f4 Qe6 29. Rhe1 Rhe8 30. Rxd8 Rxd8 31. a3 Re8 32. Rd1
exf4 33. Qxf4+ Qe5 34. Qc4+ Kb8 35. Qf7 Qe7 36. Qd5 Ka7 37. Qd4 f5 38. Qc4
fxg4 39. Qxg4 Qe6 40. Qd4 h5 41. h4 Qg4 42. Qd6 Re6 43. Qd4 Qxd4 44. Rxd4
Re1+ 45. Ka2 Rg1 46. Kb3 Rg4 {White forfeits on time} 0-1

[Event "ICC Open 2015"]
[Site "Internet Chess Club"]
[Date "2015.05.30"]
[Round "1"]
[White "awesome5123"]
[Black "MarzipanCat"]
[Result "0-1"]
[ICCResult "White checkmated"]
[WhiteElo "1559"]
[BlackElo "2174"]
[Opening "French: Winawer, advance variation"]
[ECO "C17"]
[NIC "FR.10"]
[Time "19:03:18"]
[TimeControl "180+0"]

1. e4 e6 2. d4 d5 3. Nc3 Bb4 4. e5 c5 5. Nf3 cxd4 6. Nxd4 Qc7 7. Bd2 Qxe5+
8. Nde2 a6 9. a3 Bc5 10. b4 Ba7 11. f4 Qc7 12. Ng3 Nf6 13. Be2 Nc6 14. b5
Nd4 15. bxa6 bxa6 16. Rf1 O-O 17. h4 Bd7 18. h5 Rab8 19. h6 g6 20. Nh5 gxh5
21. Bxh5 Kh8 22. Ne2 Nxc2+ 23. Qxc2 Qxc2 24. Bc3 d4 25. Rc1 Qxc1+ 26. Nxc1
dxc3 27. Nd3 Nxh5 28. Kd1 Bb5 29. Kc2 Rfd8 30. Kxc3 Rxd3+ 31. Kb4 Be3 32. a4
Bd2+ 33. Kc5 Bxa4 34. g4 Nxf4 35. Rxf4 Rd5+ 36. Kc4 Bb3# {White checkmated}
0-1

[Event "ICC Open 2015"]
[Site "Internet Chess Club"]
[Date "2015.05.30"]
[Round "1"]
[White "sahilmd"]
[Black "Bacunamatata"]
[Result "0-1"]
[ICCResult "White forfeits on time"]
[WhiteElo "2078"]
[BlackElo "1942"]
[Opening "Nimzo-Indian: classical, Noa variation, 5.cd ed"]
[ECO "E35"]
[NIC "NI.23"]
[Time "19:03:07"]
[TimeControl "180+0"]

1. d4 Nf6 2. c4 e6 3. Nc3 Bb4 4. Qc2 d5 5. cxd5 exd5 6. Bg5 h6 7. Bh4 c5 8.
e3 c4 9. Nf3 Nc6 10. Be2 g5 11. Bg3 Ne4 12. O-O Bxc3 13. bxc3 Bf5 14. Qb2
Qb6 15. Qa3 Qa5 16. Qxa5 Nxa5 17. Rfc1 f6 18. Ne1 Kd7 19. f3 Nxg3 20. hxg3
Rae8 21. Kf2 Re6 22. g4 Bh7 23. g3 Rb6 24. Ng2 Rb2 25. Rh1 Bd3 26. Rhe1 Re8
27. Kf1 Re6 28. Bxd3 cxd3 29. Rad1 d2 30. Re2 Nc4 31. e4 Reb6 32. Ne3 Rb1
33. Kf2 Nxe3 34. Rxb1 Rxb1 35. Rxd2 Nd1+ 36. Ke2 dxe4 37. fxe4 Nxc3+ 38. Kd3
Nb5 39. Rf2 Rd1+ 40. Kc4 Nd6+ 41. Kd5 Ke7 42. e5 fxe5 43. Kxe5 Rd3 44. Kd5
Rxg3 45. Re2+ Kd7 46. Re6 Nc8 47. Rxh6 Rxg4 48. Rh7+ Ne7+ 49. Ke5 Rg2 50. d5
Re2+ 51. Kd4 g4 52. Kc5 g3 53. d6 Re5+ 54. Kd4 Kxd6 55. Rh6+ Re6 56. Rh8 Rg6
57. Rd8+ Ke6 58. Rd6+ Kxd6 59. a4 g2 60. a5 Rg4+ 61. Kd3 g1=Q 62. a6 Rd4+
63. Kc3 Qe3+ {White forfeits on time} 0-1

[Event "ICC Open 2015"]
[Site "Internet Chess Club"]
[Date "2015.05.30"]
[Round "1"]
[White "TheLlamaLord"]
[Black "Vogel"]
[Result "0-1"]
[ICCResult "White checkmated"]
[WhiteElo "1583"]
[BlackElo "2210"]
[Opening "Nimzo-Indian: 4.e3, main line with 7...Nc6"]
[ECO "E56"]
[NIC "NI.05"]
[Time "19:03:01"]
[TimeControl "180+0"]

1. d4 Nf6 2. c4 e6 3. Nc3 Bb4 4. Nf3 O-O 5. e3 c5 6. Bd3 d5 7. O-O Nc6 8.
dxc5 Bxc5 9. cxd5 exd5 10. Qc2 Nb4 11. Qb1 Nxd3 12. Qxd3 b6 13. a3 a5 14.
Bd2 Ba6 15. Nb5 Ne4 16. a4 Re8 17. Nfd4 Rc8 18. Rfc1 Nd6 19. Bc3 Ne4 20. Bd2
Qf6 21. Be1 Bb4 22. Qe2 Bc5 23. Nb3 Bd6 24. N3d4 Bb8 25. Nf3 Nc5 26. Bc3 Qg6
27. Rd1 Nb3 28. Ra3 Nc5 29. Rxd5 Ne4 30. Rd3 Rc5 31. Bd4 Rh5 32. Qc2 Ng5 33.
Nxg5 Bxh2+ 34. Kf1 Rxg5 35. f3 Rxb5 36. axb5 Bxb5 37. Rb3 Ba6 38. Rxb6 Qxd3+
39. Qxd3 Bxd3+ 40. Kf2 h5 41. Rb7 Be5 42. Bb6 Bxb2 43. Bxa5 Bg6 44. Bb6 Bf6
45. Rc7 Re7 46. Rc4 Re6 47. Rc7 Rxb6 48. Rc8+ Kh7 49. Rc4 Rb2+ 50. Kf1 h4
51. Rc1 Rc2 52. Kg1 Rxc1+ 53. Kh2 Rc2 54. Kh3 Bf5+ 55. Kh2 h3 56. Kg3 Rxg2+
57. Kf4 Be6 58. e4 h2 59. Ke3 h1=Q 60. Kf4 Qh6# {White checkmated} 0-1

[Event "ICC Open 2015"]
[Site "Internet Chess Club"]
[Date "2015.05.30"]
[Round "1"]
[White "Yummyhat"]
[Black "saya"]
[Result "0-1"]
[ICCResult "White resigns"]
[WhiteElo "1789"]
[BlackElo "2517"]
[Opening "QGD semi-Slav"]
[ECO "D43"]
[NIC "QO.16"]
[Time "19:03:12"]
[TimeControl "180+0"]

1. d4 e6 2. c4 Nf6 3. Nc3 d5 4. Nf3 c6 5. Bf4 dxc4 6. a4 Nd5 7. Bg3 Bb4 8.
Qc2 Qa5 9. Rc1 b5 10. axb5 cxb5 11. e4 Nf6 12. Be2 Bb7 13. e5 Ne4 14. O-O
Nxg3 15. hxg3 h6 16. Ne4 Nd7 17. b3 cxb3 18. Qd3 a6 19. Rb1 Bd5 20. Ned2 O-O
21. Nxb3 Qb6 22. Nbd2 Be7 23. Nb3 Rfc8 24. Nfd2 b4 25. Bf3 Bxf3 26. Nxf3 a5
27. Nbd2 Qa6 28. Qe4 Qc6 29. Qe2 Nb6 30. Ne4 Nd5 31. Nfd2 Nc3 32. Nxc3 bxc3
33. Nb3 a4 34. Na1 a3 35. Rbc1 a2 36. Rc2 Qd5 37. Rfc1 Bb4 38. Qd3 g6 39. f3
Rc4 40. Kf2 Rxd4 41. Qe3 Rd2+ 42. Rxd2 cxd2 43. Rd1 Bc5 {White resigns} 0-1

[Event "ICC Open 2015"]
[Site "Internet Chess Club"]
[Date "2015.05.30"]
[Round "1"]
[White "harolika"]
[Black "ChillingGuy"]
[Result "0-1"]
[ICCResult "White resigns"]
[WhiteElo "1738"]
[BlackElo "2372"]
[Opening "Trompowsky attack (Ruth, Opocenský opening)"]
[ECO "A45"]
[NIC "QP.07"]
[Time "19:02:51"]
[TimeControl "180+0"]

1. d4 Nf6 2. Bg5 d5 3. e3 c5 4. c3 Nc6 5. Nd2 Bg4 6. Ngf3 e6 7. Be2 Bd6 8.
O-O h6 9. Bh4 Qc7 10. Bg3 O-O-O 11. dxc5 Bxg3 12. hxg3 e5 13. b4 h5 14. b5
Ne7 15. c6 bxc6 16. bxc6 Nxc6 17. Ba6+ Kd7 18. e4 Ke7 19. exd5 Rxd5 20. Bc4
Rc5 21. Re1 Rd8 22. Qa4 Kf8 23. Nf1 Na5 24. Be2 Rxc3 25. Ne3 e4 26. Ng5 Bxe2
27. Rxe2 Nc4 28. Qb4+ Nd6 29. Rd1 Kg8 30. Red2 Rd3 31. Rxd3 exd3 32. Rxd3
Nf5 33. Rxd8+ Qxd8 34. Qe1 Nxe3 35. fxe3 Ng4 36. Nf3 Qd3 37. e4 Qc2 38. e5
Qxa2 39. Nd4 Qd5 40. Nf3 Qc5+ 41. Kh1 a5 42. e6 Qe7 43. exf7+ Qxf7 44. Qxa5
g6 45. Qd8+ Kg7 46. Qd4+ Kg8 47. Qd8+ Kg7 48. Qd4+ Nf6 49. Ng5 Qe7 50. Qb6
Kh6 51. Nf3 Ng4 52. Qd4 Kh7 53. Qxg4 hxg4 {White resigns} 0-1

[Event "ICC Open 2015"]
[Site "Internet Chess Club"]
[Date "2015.05.30"]
[Round "1"]
[White "Redbaron"]
[Black "HPG1947"]
[Result "1-0"]
[ICCResult "Black forfeits on time"]
[WhiteElo "2468"]
[BlackElo "1761"]
[Opening "Old Benoni defense"]
[ECO "A43"]
[NIC "OI.09"]
[Time "19:03:45"]
[TimeControl "180+0"]

1. d4 c5 2. d5 d6 3. e4 Nf6 4. Nc3 a6 5. a4 g6 6. Be2 Bg7 7. Nf3 O-O 8. O-O
Bg4 9. Bf4 Nbd7 10. Nd2 Bxe2 11. Qxe2 Rb8 12. h3 b5 13. axb5 axb5 14. Nxb5
Nh5 15. Bh2 Bxb2 16. Rab1 Bg7 17. c4 Nb6 18. e5 Na4 19. exd6 Rxb5 20. Rxb5
Nc3 21. Qxe7 Nxb5 22. cxb5 Qb6 23. d7 Bf6 24. Qd6 Qxb5 25. Ne4 Bd8 26. Nxc5
Nf6 27. Qc6 Qe2 28. Bd6 Nxd7 29. Nxd7 Re8 30. Ne5 {Black forfeits on time}
1-0

[Event "ICC Open 2015"]
[Site "Internet Chess Club"]
[Date "2015.05.30"]
[Round "1"]
[White "hatorade"]
[Black "Garpun"]
[Result "0-1"]
[ICCResult "White checkmated"]
[WhiteElo "1873"]
[BlackElo "2705"]
[Opening "English opening"]
[ECO "A54"]
[NIC "OI.03"]
[Time "19:03:10"]
[TimeControl "180+0"]

1. Nf3 Nf6 2. c4 d6 3. d4 Nbd7 4. Nc3 e5 5. Bg5 Be7 6. e3 O-O 7. Be2 a5 8.
O-O Ne8 9. Bxe7 Qxe7 10. Nd5 Qd8 11. a3 c6 12. Nc3 f5 13. dxe5 dxe5 14. b4
e4 15. Nd4 Ne5 16. Qb3 Kh8 17. Rad1 Qe7 18. Na4 axb4 19. axb4 Rb8 20. Nb6
Nc7 21. g3 Be6 22. Nxe6 Nxe6 23. c5 Ng5 24. Rd6 Ngf3+ 25. Kg2 Qg5 26. Nd7
Nxd7 27. Rxd7 Qh5 28. Rh1 Nh4+ 29. Kf1 Nf3 30. Qd1 Qh3# {White checkmated}
0-1

[Event "ICC Open 2015"]
[Site "Internet Chess Club"]
[Date "2015.05.30"]
[Round "1"]
[White "MoonlightWizard"]
[Black "Ira57"]
[Result "1-0"]
[ICCResult "Black forfeits on time"]
[WhiteElo "2911"]
[BlackElo "1932"]
[Opening "French: Rubinstein variation"]
[ECO "C10"]
[NIC "FR.07"]
[Time "19:03:41"]
[TimeControl "180+0"]

1. e4 e6 2. d4 d5 3. Nc3 dxe4 4. Nxe4 Nd7 5. Bd3 Ngf6 6. Nxf6+ Nxf6 7. Nf3
b6 8. O-O Bb7 9. Qe2 Be7 10. Bf4 O-O 11. Rad1 Rc8 12. c3 Qd5 13. Bb1 Rfd8
14. Rfe1 Qh5 15. Be5 Bxf3 16. Qxf3 Qxf3 17. gxf3 Nd5 18. Bg3 Bd6 19. a3 Nf6
20. Kg2 Kf8 21. Rd2 Nh5 22. Red1 Nf4+ 23. Kf1 h6 24. Be4 c6 25. c4 f5 26.
Bb1 g6 27. Ba2 Ke7 28. Re1 Nh3 29. c5 f4 30. Rxe6+ Kf8 31. cxd6
{Black forfeits on time}
1-0

[Event "ICC Open 2015"]
[Site "Internet Chess Club"]
[Date "2015.05.30"]
[Round "1"]
[White "catman"]
[Black "Parsifal"]
[Result "0-1"]
[ICCResult "White checkmated"]
[WhiteElo "1726"]
[BlackElo "2431"]
[Opening "Queen's pawn game"]
[ECO "A46"]
[NIC "QP.05"]
[Time "19:02:58"]
[TimeControl "180+0"]

1. d4 Nf6 2. Nf3 e6 3. Bf4 d5 4. e3 Bd6 5. Bg3 c5 6. c3 Nc6 7. Bd3 b6 8.
Nbd2 Bb7 9. Ne5 Qc7 10. f4 a6 11. a4 Ne7 12. Bh4 Ne4 13. Bxe7 Qxe7 14. Ndf3
f6 15. Ng4 cxd4 16. cxd4 Bb4+ 17. Ke2 O-O 18. Nf2 Rac8 19. g4 Bd6 20. Rg1 g5
21. fxg5 fxg5 22. Bxe4 dxe4 23. Nd2 Bb4 24. Nfxe4 e5 25. Qb3+ Kh8 26. d5
Rcd8 27. d6 Bxd6 28. Qxb6 Bb4 29. Nc4 Qf7 30. Nxe5 Qb3 31. Qxb7 Qc2+ 32. Nd2
Qxd2# {White checkmated} 0-1

[Event "ICC Open 2015"]
[Site "Internet Chess Club"]
[Date "2015.05.30"]
[Round "1"]
[White "davidfrcc"]
[Black "Ohanessian"]
[Result "1-0"]
[ICCResult "Black resigns"]
[WhiteElo "1941"]
[BlackElo "2076"]
[Opening "Alekhine's defense: Scandinavian variation"]
[ECO "B02"]
[NIC "AL.10"]
[Time "19:03:01"]
[TimeControl "180+0"]

1. e4 Nf6 2. Nc3 d5 3. exd5 Nxd5 4. Bc4 c6 5. Nf3 Bg4 6. O-O g6 7. h3 Bxf3
8. Qxf3 Nf6 9. d3 Bg7 10. Bg5 Nbd7 11. Rae1 O-O 12. Bb3 a5 13. a4 Nc5 14.
Bc4 Nxa4 15. Nxa4 b5 16. Bb3 bxa4 17. Bxa4 c5 18. Qe3 Nd5 19. Qxc5 Rc8 20.
Qa3 Qd6 21. Bxe7 Qc5 22. Bxc5 Rfd8 23. Be7 Nxe7 24. Rxe7 Bf6 25. Rfe1 Bxe7
26. Rxe7 Rf8 27. Bb3 Kg7 28. Qxa5 Rc6 29. Qe5+ Rf6 30. g4 h6 31. h4 g5 32.
hxg5 hxg5 33. Qxg5+ Rg6 34. Qe5+ Kg8 35. f3 Rg7 36. Qf6 Rh7 37. g5 Rg7 38.
f4 Rh7 39. f5 Rg7 40. g6 Kh8 41. Qh4+ Kg8 42. Kf2 Rb8 43. Rxf7 Rxf7 44.
Bxf7+ Kg7 45. f6+ {Black resigns} 1-0